 Dungeon Crawl Stone Soup version 0.29-a0-1009-g60c99734e7 (webtiles) character file.

Game seed: 9231424191002843216

18 xian the Chiller (level 2, 0/22 HPs)
             Began as a Naga Ice Elementalist on Aug 9, 2022.
             Frozen to death by an endoplasm (4 damage)
             ... on level 2 of the Dungeon.
             The game lasted 00:02:43 (867 turns).

xian the Chiller (Naga Ice Elementalist)             Turns: 867, Time: 00:02:44

Health: 0/22       AC:  2    Str: 10    XL:     2   Next: 70%
Magic:  0/5        EV:  9    Int: 15    God:
Gold:   19         SH:  0    Dex: 11    Spells: 4/5 levels left

rFire   . . .      SeeInvis +   e - +0 short sword
rCold   . . .      Faith    .   (no shield)
rNeg    . . .      Spirit   .   g - +0 leather armour
rPois   +          Reflect  .   (no helmet)
rElec   .          Harm     .   (no cloak)
rCorr   .          Rampage  .   (no gloves)
Will    .....                   (no barding)
Stlth   ++........              (no amulet)
HPRegen 0.07/turn               (no ring)
MPRegen 0.09/turn               (no ring)

@: short of breath, very slightly contaminated, very slow
A: AC +0, large, see invisible, deformed body, poison resistance, slowness 2,
spit poison 1, naga tail 1
a: Spit Poison


You were on level 2 of the Dungeon.
You visited 1 branch of the dungeon, and saw 2 of its levels.

You collected 19 gold pieces.

Inventory:

Hand Weapons
 e - a +0 short sword (weapon)
Armour
 g - a +0 leather armour (worn)
Scrolls
 a - a scroll of enchant armour {unknown}
 c - 2 scrolls of teleportation {unknown}
 d - a scroll of identify {unknown}
Potions
 b - a potion of magic
 f - a potion of degeneration {unknown}


   Skills:
 + Level 0.4 Short Blades
 + Level 1.7 Dodging
 + Level 3.2 Stealth
 + Level 2.2 Spellcasting
 + Level 4.2 Ice Magic


You had 4 spell levels left.
You knew the following spells:

 Your Spells              Type           Power      Damage    Failure   Level
a - Freeze                Ice            56%        1d7       4%          1

Your spell library contained the following spells:

 Spells                   Type           Power      Damage    Failure   Level
 Frozen Ramparts          Ice            28%        1d5       16%         3
 Ozocubu's Armour         Ice            14%        N/A       16%         3
 Hailstorm                Conj/Ice       8%         3d4       77%         4


Dungeon Overview and Level Annotations

Branches:
Dungeon (1/15)

Altars:


Innate Abilities, Weirdness & Mutations

Your serpentine skin is tough. (AC +0)
You have supernaturally acute eyesight. (SInv)
Armour fits poorly on your strangely shaped body.
Your system is resistant to poisons. (rPois)
You cover ground very slowly.
You can spit poison.
You have a snake-like lower body.


Message History

Aim: a giant cockroach You miscast Freeze.
You are very lightly contaminated with residual magic.
Nothing appears to happen.
The giant cockroach completely misses you.
The frilled lizard completely misses you.
Casting: Freeze (safe; 5% risk of failure)
Confirm with . or Enter, or press ? or * to list all spells.
Aiming: Freeze (safe; 5% risk of failure)
Press: ? - help, Shift-Dir - straight line, f/p - giant cockroach
Aim: a giant cockroach You freeze the giant cockroach!
You kill the giant cockroach!
The frilled lizard bites you.
* * * LOW HITPOINT WARNING * * *
The giant cockroach misses you.
Casting: Freeze (safe; 4% risk of failure)
Confirm with . or Enter, or press ? or * to list all spells.
Aiming: Freeze (safe; 4% risk of failure)
Press: ? - help, Shift-Dir - straight line, f - giant cockroach
Aim: a giant cockroach You freeze the giant cockroach.
The giant cockroach is heavily wounded.
The frilled lizard closely misses you. The giant cockroach bites you.
* * * LOW HITPOINT WARNING * * *
Okay, then.
Aiming: Spit Poison (2% risk of failure)
Press: ? - help, Shift-Dir - straight line, f - endoplasm, p - giant cockroach
Aim: an endoplasm (97% to hit)
The splash of poison hits the frilled lizard.
The frilled lizard is poisoned.
You kill the frilled lizard!
The giant cockroach bites you.
* * * LOW HITPOINT WARNING * * *
Okay, then.
You hit the endoplasm but do no damage.
The giant cockroach bites you but does no damage.
The endoplasm freezes you.
You are frozen.
You die...

#.# #.# ## ... .
#.##.# #..#.# #....#
#..#
#############..#####.#
.....SJ@BBK..........#
...########.#..#######
#....##........
#....†=##.......
#......!. #######
#........# #..$.)...#
#........# ##......##


You could see an endoplasm, 2 giant cockroaches, a ball python and a kobold.

Vanquished Creatures
  9 giant cockroaches (D:2)
  A hobgoblin (D:1)
  A kobold (D:1)
  A ball python (D:2)
  A bat (D:1)
  2 frilled lizards
  A rat (D:1)
16 creatures vanquished.

Notes
Turn   | Place    | Note
-------+----------+-------------------------------------------
     0 | D:1      | xian the Naga Ice Elementalist began the quest for the Orb.
     0 | D:1      | Reached XP level 1. HP: 15/15 MP: 3/3
   624 | D:1      | You fall into a shaft and drop 1 floor!
   634 | D:2      | Reached XP level 2. HP: 17/22 MP: 3/5
   867 | D:2      | Frozen to death by an endoplasm

Illustrated notes

Levels and vault maps discovered:
D:1:      dpeg_arrival_tiny_j, layout_basic, shapermc_ecumenical_altar_pompeii,
          nicolae_concentric_dashed_squares_wild, minmay_misc_feat_secret_circle
D:2:      minmay_roachtagon, layout_basic

Action                   || total
-------------------------++-------
Melee: Short sword       ||    32
       Unarmed           ||     7
 Cast: Freeze            ||    10
 Abil: Spit Poison       ||     8
Armor: Robe              ||     2
       Leather armour    ||    14
Dodge: Dodged            ||    39

Table legend: (Time is in decaauts)
 A = Elapsed time spent in this place.
 B = Non-inter-level travel time spent in this place.
 C = Inter-level travel time spent in this place.
 D = Time resting spent in this place.
 E = Time spent auto-exploring this place.
 F = Levels seen in this place.
 G = Mean time per level.
                   A        B        C        D        E       F      G
               +--------+--------+--------+--------+--------+-----+--------+
         Total |   1044 |   1021 |     23 |      0 |    844 |   2 |  522.0 |
       Dungeon |   1044 |   1021 |     23 |      0 |    844 |   2 |  522.0 |
               +--------+--------+--------+--------+--------+-----+--------+

Top non-repeatable levels by time:
     D:1: 791 daAuts
     D:2: 252 daAuts
